 Dungeon Crawl Stone Soup version 0.30.0-29-ga12c61a403 (webtiles) character file.

Game seed: 14586756449170515306

35186 Graphine the Severer (level 13, -1/125 HPs)
             Began as a Hill Orc Fighter on June 22, 2023.
             Was a High Priest of Beogh.
             Slain by a sixfirhy (3 damage)
             ... summoned by an orc high priest
             ... on level 2 of the Orcish Mines.
             The game lasted 00:42:37 (18159 turns).

Graphine the Severer (Hill Orc Fighter)            Turns: 18159, Time: 00:42:40

Health: -1/125     AC: 28    Str: 27    XL:     13   Next: 82%
Magic:  24/24      EV:  8    Int:  8    God:    Beogh [*****.]
Gold:   2484       SH:  0    Dex: 10    Spells: 12/12 levels left

rFire   + + .        c - +0 battleaxe (freeze)
rCold   . . .        (shield currently unavailable)
rNeg    + . .        B - +1 plate armour {Will+}
rPois   .            u - +2 helmet of Kasute {Fly}
rElec   .            F - +2 cloak
rCorr   .            a - +1 pair of gloves {Stlth+}
SInv    .            w - +0 pair of boots
Will    .....        N - amulet of faith Stlth
                     p - ring "Isiat" {rF++ rN+ Will- Str+3}
HPRegen 0.40/turn    l - +4 ring of slaying
MPRegen 0.19/turn

%: faith
@: spiked, on berserk cooldown, flying, slowed, very slow
A: walk on water
a: Renounce Religion, Smiting, Recall Orcish Followers, Give Item to Named
Follower


You were on level 2 of the Orcish Mines.
You worshipped Beogh.
Beogh was extremely pleased with you.
You visited 2 branches of the dungeon, and saw 15 of its levels.
You also visited: Bailey.

You collected 2926 gold pieces.
You spent 442 gold pieces at shops.

Inventory:

Hand Weapons
 c - a +0 battleaxe of freezing (weapon)
 s - a +3 whip of holy wrath
 E - a +1 morningstar of draining
Missiles
 y - a throwing net
 Z - 6 silver javelins
Armour
 a - a +1 pair of gloves of stealth (worn)
 u - the +2 helmet of Kasute (worn) {Fly}
   (You found it in a bailey)

   Fly:       It grants you flight.
 w - a +0 pair of boots (worn)
 B - a +1 plate armour of willpower (worn)
 F - a +2 cloak (worn)
Jewellery
 i - an amulet of magic regeneration
 l - a +4 ring of slaying (right hand)
 m - a ring of ice
 n - a ring of positive energy
 p - the ring "Isiat" (left hand) {rF++ rN+ Will- Str+3}
   (You took it off an orc on level 6 of the Dungeon)

   [ring of positive energy]

   Str:       It affects your strength (+3).
   rF:        It greatly protects you from fire.
   rN:        It protects you from negative energy.
   Will:      It decreases your willpower.
 q - a ring of protection from cold
 A - a ring of see invisible
 D - a ring of flight
 K - a ring of wizardry
 L - an amulet of guardian spirit
 N - an amulet of faith (around neck)
 S - a ring of positive energy
 U - a ring of resist corrosion
 X - a ring of magical power
Wands
 t - a wand of acid (1)
 v - a wand of charming (6)
 O - a wand of mindburst (1)
 V - a wand of flame (8)
Scrolls
 o - 3 scrolls of magic mapping
 r - 4 scrolls of fog
 C - a scroll of blinking
 H - 7 scrolls of teleportation
 M - a scroll of enchant weapon
 P - 2 scrolls of vulnerability
 Q - 3 scrolls of identify
Potions
 b - 3 potions of lignification
 d - 3 potions of heal wounds
 e - 8 potions of degeneration
 f - 4 potions of resistance
 g - 3 potions of brilliance
 h - 4 potions of attraction
 j - 5 potions of flight
 x - a potion of invisibility
 z - a potion of haste
 G - 2 potions of might
 I - 2 potions of mutation
 T - a potion of ambrosia
 W - 2 potions of magic
 Y - 2 potions of curing
Miscellaneous
 k - a phantom mirror


   Skills:
 + Level 14.4 Fighting
 + Level 15.4 Axes
 + Level 13.3 Armour
 - Level 3.2 Shields
 + Level 14.9 Invocations


You had 12 spell levels left.
You didn't know any spells.
Your spell library contained the following spells:

 Spells                   Type           Power      Damage    Failure   Level
 Foxfire                  Conj/Fire      0%         2x1d4     97%         1
 Kiss of Death            Conj/Necr      0%         2d5       97%         1
 Magic Dart               Conj           0%         1d3       97%         1
 Shock                    Conj/Air       0%         1d3       97%         1
 Call Imp                 Summ           0%         N/A       99%         2
 Static Discharge         Conj/Air       0%         2-2/arc   99%         2
 Sublimation of Blood     Necr           0%         N/A       99%         2
 Wereblood                Tmut           0%         N/A       99%         2
 Dazzling Flash           Conj/Hex       0%         N/A       100%        3
 Mephitic Cloud           Conj/Pois/Air  0%         N/A       100%        3
 Ozocubu's Armour         Ice            0%         N/A       100%        3
 Portal Projectile        Hex/Tloc       0%         N/A       100%        3
 Swiftness                Air            0%         N/A       100%        3
 Tukima's Dance           Hex            0%         N/A       100%        3
 Airstrike                Air            0%         2d(0-16)  100%        4
 Passage of Golubria      Tloc           0%         N/A       100%        4
 Summon Lightning Spire   Summ/Air       0%         N/A       100%        4
 Blade Hands              Tmut           0%         N/A       100%        5
 Fireball                 Conj/Fire      0%         3d3       100%        5
 Freezing Cloud           Conj/Ice/Air   0%         6-21      100%        5
 Metabolic Englaciation   Hex/Ice        0%         N/A       100%        5
 Silence                  Hex/Air        0%         N/A       100%        5
 Simulacrum               Ice/Necr       0%         N/A       100%        6
 Ozocubu's Refrigeration  Ice            0%         4d7       100%        7
 Summon Hydra             Summ           0%         N/A       100%        7
 Lehudib's Crystal Spear  Conj/Erth      0%         10d2      100%        8


Dungeon Overview and Level Annotations

Branches:
Dungeon (13/15)            Temple (0/1) D:7            Lair (0/5) D:8
    Orc (2/2) D:9             Elf (0/3) Orc:2        Vaults (0/5) D:13
 Bailey (visited)

Altars:
Ashenzari
Uskayaw
Yredelemnul
Beogh

Shops:
D:11 !   Orc:2 [

Annotations:
Orc:2 Urug


Message History

You barely miss the orc high priest.
The orc high priest is moderately wounded.
You completely miss the sixfirhy.
You hit the orc knight but do no damage.
You slash the orc sorcerer! You freeze the orc sorcerer!
The sixfirhy hits you but does no damage.
The sixfirhy closely misses you. The sixfirhy hits you!
* * * LOW HITPOINT WARNING * * *
The sixfirhy shocks you!
* * * LOW HITPOINT WARNING * * *
The ynoxinul gestures.
Your orc priest closely misses the sixfirhy.
The orc sorcerer hits you but does no damage.
The orc high priest calls down the wrath of Beogh upon you.
Beogh smites you!
* * * LOW HITPOINT WARNING * * *
The orc knight hits your orc priest with a +0 war axe!
Your orc priest dies!
The orc knight hits you with a +0 war axe!
* * * LOW HITPOINT WARNING * * *
Your orc warrior hits the orc knight from afar with a +0 halberd!!
You are too berserk!
Unknown command.
You are too berserk!
You are too berserk!
Okay, then.
You swap places.
The barbed spikes dig painfully into your body as you move.
* * * LOW HITPOINT WARNING * * *
The sixfirhy hits you but does no damage. x4
The ynoxinul gestures.
You swap places.
The barbed spikes dig painfully into your body as you move.
* * * LOW HITPOINT WARNING * * *
You feel a strong urge to attack something.
You are no longer berserk.
You are exhausted.
You feel yourself slow down. The sixfirhy hits you.
You die...
Beogh appreciates the sixfirhy's killing of a heretic priest.

).......o####
)...........##
<..#....o....###
....#..........##
...)#.)........o##
.......#####..oo.##
.......# ###ooo.#
.#....### ##oo.#
.).#### .÷. ##o@o#
)).# ...o4#33o##
..## ÷.5÷o)oo3# .##
.§5)3ooo## ##
...÷344## # ..)555.
....5## ...÷# ####


You could see 2 orc knights, a soul eater (summoned), an orc high priest
(strong), a rust devil (summoned), 2 sixfirhies, a neqoxec (summoned), a
ynoxinul (summoned), a chaos spawn (summoned), an orc sorcerer (strong), an orc
warrior (strong), 5 ufetubi, the friendly Murdo the orc knight, 4 friendly orc
warriors, 3 friendly orc priests, a friendly orc wizard (invisible) and 3
friendly orcs.

Vanquished Creatures
  2 hydras (D:10)
  A great orb of eyes (D:10)
  4 boulder beetles
  5 centaur warriors
  3 two-headed ogres
  A tengu warrior (D:13)
  An orc knight (D:12)
  2 deep elf pyromancers
  2 orc sorcerers (Orc:2)
  2 ugly things (D:10)
  A wolf spider (D:10)
  4 cyclopes
  A manticore (shapeshifter) (D:10)
  A manticore (D:11)
  A gargoyle (D:11)
  3 unseen horrors
  A kobold demonologist (D:12)
  A tengu conjurer (D:10)
  4 trolls
  A hornet (D:10)
  A hornet (shapeshifter) (D:12)
  Grinder (D:3)
  A tarantella (shapeshifter) (D:10)
  6 slime creatures
  A wyvern (D:10)
  A vampire (D:12)
  2 wraiths
  2 shadows (D:10)
  10 yaks
  A steam dragon (D:6)
  4 vampire mosquitoes (D:11)
  A warg (Orc:1)
  An acid dragon (D:9)
  An ice beast (D:7)
  A sky beast (D:7)
  14 orc warriors
  2 wolves (D:8)
  6 centaurs
  5 ogres
  5 kobold brigands
  2 gnoll sergeants
  3 scorpions
  A wight (D:10)
  19 killer bees
  4 howler monkeys
  A bullfrog zombie (D:7)
  2 jellies (D:6)
  6 hounds
  4 orc priests
  Crazy Yiuf (D:7)
  3 gnoll boudas
  5 iguanas
  3 sleepcaps
  10 orc wizards
  A killer bee zombie (D:7)
  12 gnolls
  13 adders
  5 river rats (D:4)
  2 shadow imps
  A white imp (D:7)
  2 ufetubi (D:5)
  6 worms
  2 dart slugs (D:4)
  36 orcs
  13 endoplasms
  5 giant cockroaches
  9 hobgoblins
  6 jackals
  27 kobolds
  6 quokkas
  6 ball pythons
  4 bats
  3 frilled lizards
  8 goblins
  6 rats
344 creatures vanquished.

Vanquished Creatures (collateral kills)
  An ironbound preserver (D:13)
  An ettin (Orc:2)
  Harold (Orc:1)
  A centaur warrior (D:13)
  2 orc knights (Orc:2)
  2 deep elf pyromancers (D:12)
  3 manticores
  2 orc sorcerers
  5 cyclopes
  An ugly thing (D:12)
  A freezing wraith (D:12)
  A slime creature (D:13)
  2 wraiths (D:12)
  A vampire (D:13)
  3 yaks (D:12)
  2 vampire mosquitoes
  A warg (Orc:2)
  4 orc warriors (Orc:2)
  A centaur (D:12)
  A kobold brigand (D:10)
  An orc priest (Orc:2)
  5 orc wizards
  2 gnolls (D:11)
  5 orcs
49 creatures vanquished.

Vanquished Creatures (others)
  Urug (Orc:2)
  An orc high priest (Orc:2)
  An orc knight (Orc:2)
  2 orc sorcerers (Orc:2)
  5 orc wizards
  3 orc warriors (Orc:2)
  4 orc priests (Orc:2)
  21 orcs
38 creatures vanquished.

Grand Total: 431 creatures vanquished

Notes
Turn   | Place    | Note
-------+----------+-------------------------------------------
     0 | D:1      | Graphine the Hill Orc Fighter began the quest for the Orb.
     0 | D:1      | Reached XP level 1. HP: 19/19 MP: 1/1
    70 | D:1      | Reached skill level 3 in Axes
    71 | D:1      | Reached XP level 2. HP: 27/27 MP: 2/2
   378 | D:1      | Reached XP level 3. HP: 33/33 MP: 3/3
   695 | D:1      | Found a faded altar of an unknown god.
   970 | D:2      | Reached skill level 1 in Invocations
   970 | D:2      | Reached XP level 4. HP: 33/41 MP: 4/4
  1312 | D:2      | Found a basalt altar of Yredelemnul.
  1388 | D:3      | Found a hide-covered altar of Uskayaw.
  1402 | D:3      | Reached skill level 4 in Axes
  1613 | D:3      | Noticed Grinder
  1627 | D:3      | Paralysed by Grinder for 2 turns
  1632 | D:3      | Killed Grinder
  1633 | D:3      | Reached skill level 5 in Fighting
  1633 | D:3      | Reached skill level 5 in Axes
  1633 | D:3      | Reached XP level 5. HP: 21/48 MP: 5/7
  1633 | D:3      | Reached XP level 6. HP: 25/56 MP: 5/8
  2219 | D:3      | Reached skill level 5 in Armour
  2681 | D:4      | Reached XP level 7. HP: 58/61 MP: 9/9
  2701 | D:4      | HP: 3/62 [gnoll bouda/+0 whip of flaming (6)]
  2701 | D:4      | HP: 1/62 [gnoll bouda/+0 whip of flaming (2)]
  2710 | D:4      | HP: 3/62 [frozen (1)]
  2720 | D:4      | HP: 2/62 [dart slug/slug dart (3)]
  3191 | D:4      | Reached skill level 6 in Axes
  3668 | D:5      | Entered Level 5 of the Dungeon
  3695 | D:5      | Reached skill level 5 in Invocations
  3836 | D:5      | Reached XP level 8. HP: 71/71 MP: 11/11
  4421 | D:6      | Reached skill level 7 in Axes
  4594 | D:6      | Identified the ring "Isiat" {rF++ rN+ Will- Str+3}
  5073 | D:7      | Became a worshipper of Beogh the Brigand
  5138 | D:7      | Reached XP level 9. HP: 80/80 MP: 14/14
  5349 | D:7      | Reached skill level 8 in Axes
  5417 | D:7      | Found a staircase to the Ecumenical Temple.
  5861 | D:7      | Found a basalt altar of Yredelemnul.
  6029 | D:7      | Found a runed translucent door.
  6030 | D:7      | Noticed Crazy Yiuf
  6035 | D:7      | Killed Crazy Yiuf
  6159 | D:8      | Reached * piety under Beogh
  6317 | D:8      | Found a flagged portal.
  6323 | Bailey   | Entered a bailey
  6334 | Bailey   | Reached skill level 9 in Axes
  6582 | Bailey   | Reached XP level 10. HP: 27/91 MP: 16/16
  6951 | Bailey   | Identified the +2 helmet of Kasute {Fly}
  7136 | D:8      | Reached ** piety under Beogh
  7212 | D:8      | Reached skill level 10 in Axes
  7400 | D:8      | Identified the +3 ring mail of the Viny Catfish {Int+5}
  7422 | D:8      | Found a staircase to the Lair.
  7811 | D:9      | Found a broken altar of Ashenzari.
  8098 | D:9      | Found a staircase to the Orcish Mines.
  8160 | D:9      | Noticed a two-headed ogre
  8175 | D:9      | Killed a two-headed ogre
  8176 | D:9      | Reached skill level 10 in Fighting
  8514 | D:9      | Reached skill level 10 in Invocations
  9004 | D:9      | Reached *** piety under Beogh
  9437 | D:10     | Entered Level 10 of the Dungeon
  9555 | D:10     | Reached skill level 11 in Axes
  9653 | D:10     | Reached XP level 11. HP: 101/101 MP: 18/18
  9812 | D:10     | Noticed a four-headed hydra
  9812 | D:10     | Noticed a great orb of eyes
  9812 | D:10     | Noticed a boulder beetle
  9817 | D:10     | Paralysed by a great orb of eyes for 2 turns
 10147 | D:10     | Paralysed by a great orb of eyes for 2 turns
 10171 | D:10     | Killed a great orb of eyes
 10172 | D:10     | Reached skill level 10 in Armour
 10187 | D:10     | Killed a four-headed hydra
 10583 | D:10     | Killed a boulder beetle
 11205 | D:10     | Noticed a centaur warrior
 11213 | D:10     | Killed a centaur warrior
 11214 | D:10     | Reached skill level 12 in Axes
 11222 | D:10     | Noticed a deep elf pyromancer
 11222 | D:10     | Noticed a centaur warrior
 11225 | D:10     | Noticed a cyan ugly thing
 11226 | D:10     | Killed a deep elf pyromancer
 11227 | D:10     | Noticed a wolf spider
 11230 | D:10     | Noticed a cyclops
 11234 | D:10     | Killed a centaur warrior
 11241 | D:10     | Killed a cyan ugly thing
 11248 | D:10     | Killed a wolf spider
 11643 | D:10     | Killed a cyclops
 11644 | D:10     | Reached XP level 12. HP: 81/112 MP: 21/21
 11848 | D:10     | Reached **** piety under Beogh
 11849 | D:10     | Noticed a six-headed hydra
 11854 | D:10     | Noticed a centaur warrior
 11859 | D:10     | Killed a six-headed hydra
 11865 | D:10     | Killed a centaur warrior
 11866 | D:10     | Reached skill level 13 in Axes
 12511 | D:10     | Noticed a boulder beetle
 12574 | D:10     | Killed a boulder beetle
 12980 | D:10     | Identified a scroll of acquirement
 12980 | D:10     | Acquired 875 gold pieces
 13107 | D:11     | Found Daniqaff's Distillery.
 13116 | D:11     | Bought a potion of heal wounds for 65 gold pieces
 13116 | D:11     | Bought 2 potions of heal wounds for 130 gold pieces
 13286 | D:11     | Gained Murdo as an ally
 14291 | D:12     | Got the Discursus on the Mighty Burn
 14302 | D:12     | Found a runed translucent door.
 14355 | D:12     | Found a runed translucent door.
 14689 | D:12     | Noticed a two-headed ogre
 14702 | D:12     | Killed a two-headed ogre
 14703 | D:12     | Reached skill level 14 in Axes
 14909 | D:12     | Paralysed by a hornet for 1 turns
 14924 | D:12     | Reached XP level 13. HP: 36/122 MP: 23/23
 15972 | D:13     | Found a gate to the Vaults.
 15972 | D:13     | Noticed an ironbound preserver
 15984 | D:13     | Killed an ironbound preserver
 16359 | D:13     | Noticed Urug
 16597 | D:13     | Reached ***** piety under Beogh
 16710 | D:13     | Reached skill level 15 in Axes
 17292 | Orc:1    | Entered Level 1 of the Orcish Mines
 17349 | Orc:1    | Noticed Harold
 17359 | Orc:1    | Killed Harold
 17584 | Orc:1    | Found a roughly hewn altar of Beogh.
 17814 | Orc:2    | Entered Level 2 of the Orcish Mines
 17821 | Orc:2    | Noticed an ettin
 17834 | Orc:2    | Killed an ettin
 18038 | Orc:2    | Found Afet's Antique Armour Shop.
 18048 | Orc:2    | Bought a pair of embroidered gloves for 247 gold pieces
 18085 | Orc:2    | Found a staircase to the Elven Halls.
 18148 | Orc:2    | Your ally Urug died
 18158 | Orc:2    | HP: 9/187 [barbs]
 18159 | Orc:2    | HP: 3/187 [barbs]
 18159 | Orc:2    | Slain by a sixfirhy

Illustrated notes

Levels and vault maps discovered:
D:1:      lemuel_arrival_river_bridge, layout_basic,
          hellmonk_ecumenical_altar_leap_of_faith
D:2:      layout_rooms, basic_altar, minmay_pentomino_z2
D:3:      layout_basic, nicolae_uskayaw_dance_hall, uniq_grinder
D:4:      layout_basic, lightli_sewer_entry_pipes, grunt_ministairs_1,
          st_stairs_7
D:5:      layout_rooms
D:6:      layout_loops_ring, grunt_ministairs_1
D:7:      layout_basic, lemuel_zombie_altar_yredelemnul, temple_fountains,
          uniq_crazy_yiuf_cottage
D:8:      layout_basic, erik_lair_island, enter_bailey_3
D:9:      layout_stronghold, ashenzari_conservatory_becter, orc_0_dummy,
          billiards_dpeg
D:10:     layout_rooms, nicolae_rejected_hall
D:11:     layout_big_octagon, serial_shops, shop, minmay_misc_feat_encased,
          st_stairs_8
D:12:     cheibrodos_histonic, layout_irregular_city
D:13:     layout_roguey, skrybe_vaults_entry_preservation, uniq_urug
Orc:1:    layout_caves, basic_altar, uniq_harold
Orc:2:    grunt_orc_tribal_feast, layout_caves, basic_altar, serial_shops, shop

Skill      XL: |  1  2  3  4  5  6  7  8  9 10 11 12 13 |
---------------+----------------------------------------+-----
Axes           | 3 5 6 7 9 11 12 14 15 | 15.4
Fighting       | 4 5 6 7 9 10 11 13 14 | 14.4
Armour         | 4 5 7 8 9 11 12 13 | 13.3
Invocations    | 1 3 5 6 8 10 12 13 14 | 14.9
Shields        | |  3.2

Action                     |  1- 3 |  4- 6 |  7- 9 | 10-12 | 13-15 || total
---------------------------+-------+-------+-------+-------+-------++-------
  Melee: War axe           |    70 |    77 |   353 |   494 |   187 ||  1181
         Whip              |       |       |     7 |    33 |       ||    40
         Morningstar       |       |       |       |    15 |       ||    15
         Battleaxe         |       |       |       |       |    14 ||    14
  Throw: Boomerang         |       |    31 |       |       |       ||    31
 Invoke: Convert to Beogh  |       |       |     1 |       |       ||     1
         Smiting           |       |       |       |       |     1 ||     1
         Recall Orcish Fol |       |       |       |       |     1 ||     1
  Evoke: Wand              |       |    10 |     6 |    19 |     5 ||    40
         Phantom mirror    |       |       |       |     1 |       ||     1
    Use: Scroll            |       |    10 |    10 |    12 |     2 ||    34
         Potion            |       |       |     4 |     8 |     5 ||    17
   Stab: Invisible         |       |       |       |     1 |       ||     1
         Distracted        |       |       |       |     1 |     4 ||     5
 Armour: Scale mail        |    38 |    12 |       |       |       ||    50
         Chain mail        |       |    29 |   193 |     4 |       ||   226
         Plate armour      |       |       |       |   550 |   156 ||   706
  Dodge: Dodged            |    18 |    27 |   159 |   230 |    50 ||   484
  Block: Buckler           |    24 |    12 |    76 |   142 |    32 ||   286
